 Dungeon Crawl Stone Soup version 0.31-a0-691-g409c26aa35 (webtiles) character file.

Game seed: 5132850108296427550

7889 lunkers the Black Belt (level 11, -2/89 HPs)
             Began as a Meteoran Shapeshifter on Sept 6, 2023.
             Was an Elder of Okawaru.
             Slain by a centaur warrior simulacrum (12 damage)
             ... in a Gauntlet.
             The game lasted 00:12:33 (4704 turns).

lunkers the Black Belt (Meteoran Shapeshifter)      Turns: 4704, Time: 00:12:34

Health: -2/89      AC: 10    Str: 16    XL:     11   Next: 73%
Magic:  13/15      EV: 17    Int: 13    God:    Okawaru [****..]
Gold:   325        SH:  0    Dex: 17    Spells: 10/10 levels left

rFire   . .          .
                       - Unarmed
rCold   . . .        (shield currently unavailable)
rNeg    . . .        i - +1 ring mail
rPois   .            (no helmet)
rElec   .            j - +0 cloak
rCorr   .            r - +0 pair of gloves
SInv    .            t - +0 pair of boots
Will    ++...        n - amulet of regeneration
Stlth   +            e - ring of willpower
HPRegen 1.14/turn    (no ring)
MPRegen 0.14/turn

%: no teleportation
@: flux-form, heroic, glowing, studying Unarmed Combat
A: glow, contaminating, sense surroundings 2, otherworldly, glowing, explore
regen
a: Begin Untransformation, Renounce Religion, Heroism, Finesse


You were in a Gauntlet.
You worshipped Okawaru.
Okawaru was greatly pleased with you.
You were something dangerously unstable.
You visited 2 branches of the dungeon, and saw 10 of its levels.
You also visited: Ossuary and Gauntlet.

You collected 325 gold pieces.

Inventory:

Armour
 i - a +1 ring mail (worn)
 j - a +0 cloak (worn)
 m - a +0 plate armour
 q - a +0 buckler
 r - a +0 pair of gloves (worn)
 t - a +0 pair of boots (worn)
Jewellery
 e - a ring of willpower (left hand)
 g - a ring of flight
 h - an amulet of faith
 n - an amulet of regeneration (around neck)
Talismans
 c - a beast talisman
 d - a flux talisman (active)
Scrolls
 a - 2 scrolls of vulnerability
 l - a scroll of poison
 o - a scroll of teleportation
 z - a scroll of enchant armour
Potions
 b - a potion of lignification
 f - 2 potions of magic
 k - 2 potions of heal wounds {unknown}
 p - a potion of might
 s - 2 potions of enlightenment {unknown}
 u - a potion of brilliance
 v - 2 potions of mutation
 w - 8 potions of curing
 x - 2 potions of degeneration {unknown}


   Skills:
 + Level 6.1(11.1) Fighting
 + Level 6.4(11.4) Dodging
 * Level 16.8(21.8) Unarmed Combat
 - Level 5.0 Invocations
 + Level 10.0 Shapeshifting


You had 10 spell levels left.
You didn't know any spells.
Your spell library contained the following spells:

 Spells                   Type           Power      Damage    Failure   Level
 Freeze                   Ice            0%         1d3       50%         1
 Ensorcelled Hibernation  Hex/Ice        0%         N/A       63%         2
 Frozen Ramparts          Ice            0%         1d1       86%         3
 Hailstorm                Conj/Ice       0%         3d3       86%         3
 Volatile Blastmotes      Fire/Tloc      0%         2d10      86%         3
 Anguish                  Hex/Necr       0%         N/A       99%         4
 Fulminant Prism          Conj/Hex       0%         3d5       99%         4
 Iskenderun's Mystic Bla  Conj/Tloc      0%         2d3       99%         4
 Fireball                 Conj/Fire      0%         3d3       100%        5
 Iskenderun's Battlesphe  Conj           0%         2d6       100%        5
 Conjure Ball Lightning   Conj/Air       0%         3x3d6     100%        6
 Orb of Destruction       Conj           0%         9d5       100%        7


Dungeon Overview and Level Annotations

Branches:
Dungeon (8/15) Zot: 1181   Temple (0/1) D:7            Lair (2/5) D:8 Zot: 734
  Snake (0/4) Lair:2      Ossuary (visited)         Gauntlet (1/1) Zot: 446
  Swamp: Lair:2-3    Shoals: Lair:2-3

Altars:
Dithmenos
Elyvilon
Makhleb
Okawaru
Qazlal
Trog
Uskayaw
Wu Jian
The Shining One

Annotations:
Lair:1 3 runed translucent doors, Juuloule's ghost, journeyman SpHu; Oraob's ghost, novice FeSh; Woashoo's ghost, journeyman DrFE Gauntlet 9 transporters


Innate Abilities, Weirdness & Mutations

You are something dangerously unstable.
You glow with magical radiation, making you easy to see and hit.
Foes you strike become dangerously contaminated with magical radiation.
You are incapable of wielding weapons or throwing items.
You passively map the area around you.
You are easily found by Zot.
You glow in the dark.
You regain HP and MP as you explore.


Message History

The meliai simulacrum hits you but does no damage.
The meliai simulacrum misses you.
You hit the meliai simulacrum.
The meliai simulacrum glows dangerously bright.
The meliai simulacrum is almost destroyed.
The meliai simulacrum closely misses you. x2
The centaur warrior simulacrum closely misses you.
The centaur warrior simulacrum kicks you.
The centaur warrior simulacrum freezes you!
* * * LOW HITPOINT WARNING * * *
You gain the combat prowess of a mighty hero.
The meliai simulacrum misses you.
The meliai simulacrum hits you but does no damage.
The meliai simulacrum misses you.
The meliai simulacrum completely misses you.
The centaur warrior simulacrum barely misses you.
The centaur warrior simulacrum kicks you but does no damage.
The cane toad simulacrum closely misses you.
Unknown command.
Unknown command.
You hit the meliai simulacrum.
The meliai simulacrum vaporises!
Okawaru accepts your kill.
The centaur warrior simulacrum completely misses you.
The centaur warrior simulacrum barely misses you.
Unknown command.
You punch the centaur warrior simulacrum!
The centaur warrior simulacrum begins to glow.
The centaur warrior simulacrum is moderately damaged.
The cane toad simulacrum hits you!
* * * LOW HITPOINT WARNING * * *
The cane toad simulacrum freezes you!!
* * * LOW HITPOINT WARNING * * *
You hit the centaur warrior simulacrum.
The centaur warrior simulacrum glows dangerously bright.
The centaur warrior simulacrum is moderately damaged.
The centaur warrior simulacrum hits you.
* * * LOW HITPOINT WARNING * * *
The centaur warrior simulacrum freezes you!
You die...

** * ** **############## , , ,
,....................... , , , .
...................... * ,..
##########...########
##..####.8.#.........#.8.#.......
..##.#.#...#.......P.#...#.......
.#Y.##.#####[.#...#P.#####.......
##..#.##...#.........#...#.......
##.#.###©.©#©.PZB○...#©.©#©..†©..
#.#....#...#?..PZ.P..#...#.......
#.#.#.######..#...#..#####.......
..#Y.#.#...#.......P.#...#.......
#Y####Y#...#Z........#...#.......
########...###########..§########
.........≈............§≈§........
........≈8§§..........≈8§........
.........≈.............≈.........


You could see a cane toad simulacrum and a centaur warrior simulacrum (heavy
contam).

Vanquished Creatures
  An oklob plant (Gauntlet)
  2 cane toads
  A komodo dragon (Lair:1)
  A polar bear (Lair:1)
  25 yaks
  A wyvern (D:7)
  2 steam dragons
  An acid dragon (Gauntlet)
  2 water moccasins
  A meliai simulacrum (Gauntlet)
  An orc warrior (D:7)
  An ogre (D:4)
  5 wolves (Lair:2)
  2 elf zombies (Ossuary)
  A phantom (D:5)
  Blork the orc (D:5)
  3 bullfrogs
  A gnoll sergeant (D:5)
  3 scorpions
  2 human zombies (Ossuary)
  2 centaur zombies (Ossuary)
  A jelly (D:4)
  7 orc priests
  A hound (D:5)
  3 sleepcaps
  Jessica (D:3)
  3 orc wizards
  3 iguanas
  Ijyb (D:3)
  2 mummies (Ossuary)
  6 adders
  4 gnolls (D:5)
  An adder zombie (Ossuary)
  A dart slug (D:2)
  23 orcs
  5 endoplasms
  2 giant cockroaches
  5 goblins
  5 hobgoblins
  4 quokkas
  6 bats
  2 frilled lizards
  3 goblin zombies (Ossuary)
  11 hobgoblin zombies (Ossuary)
  A jackal zombie (Ossuary)
  6 kobolds
  5 kobold zombies (Ossuary)
  10 orc zombies (Ossuary)
  5 rats
186 creatures vanquished.

Notes
Turn   | Place    | Note
-------+----------+-------------------------------------------
     0 | D:1      | lunkers the Meteoran Shapeshifter began the quest for the
                  | Orb.
     0 | D:1      | Reached XP level 1. HP: 16/16 MP: 2/2
   145 | D:1      | Reached skill level 4 in Unarmed Combat
   145 | D:1      | Reached XP level 2. HP: 23/23 MP: 3/3
   546 | D:2      | Reached XP level 3. HP: 23/28 MP: 4/4
   665 | D:2      | Reached XP level 4. HP: 35/35 MP: 5/5
   784 | D:2      | Reached skill level 5 in Unarmed Combat
  1005 | D:3      | Found an ornate altar of the Wu Jian Council.
  1171 | D:3      | Noticed Ijyb
  1183 | D:3      | Killed Ijyb
  1184 | D:3      | Reached XP level 5. HP: 27/40 MP: 6/6
  1552 | D:3      | Noticed Jessica
  1555 | D:3      | Killed Jessica
  1655 | D:4      | Noticed an ogre
  1661 | D:4      | Killed an ogre
  1662 | D:4      | Reached skill level 6 in Unarmed Combat
  1662 | D:4      | Reached skill level 5 in Shapeshifting
  1662 | D:4      | Reached XP level 6. HP: 3/47 MP: 7/7
  1919 | D:4      | Reached skill level 7 in Unarmed Combat
  2130 | D:5      | Entered Level 5 of the Dungeon
  2151 | D:5      | Reached XP level 7. HP: 13/52 MP: 8/8
  2166 | D:5      | Noticed Blork the orc
  2178 | D:5      | Killed Blork the orc
  2179 | D:5      | Reached skill level 8 in Unarmed Combat
  2253 | D:5      | Found a white marble altar of Elyvilon.
  2263 | D:5      | Found an iron altar of Okawaru.
  2264 | D:5      | Found a glowing golden altar of the Shining One.
  2276 | D:5      | Became a worshipper of Warmaster Okawaru
  2467 | D:5      | Reached skill level 1 in Invocations
  2467 | D:5      | Reached XP level 8. HP: 53/59 MP: 9/9
  2828 | D:6      | Reached skill level 9 in Unarmed Combat
  2966 | D:6      | Found a sand-covered staircase.
  2972 | Ossuary  | Entered an ossuary
  3096 | Ossuary  | Reached * piety under Okawaru
  3125 | Ossuary  | Gained mutation: You passively map the area around you.
                  | [Meteoran growth]
  3125 | Ossuary  | Reached XP level 9. HP: 45/64 MP: 12/12
  3487 | D:7      | Found a stormy altar of Qazlal.
  3487 | D:7      | Found a burning altar of Makhleb.
  3490 | D:7      | Found a shadowy altar of Dithmenos.
  3495 | D:7      | Reached skill level 10 in Unarmed Combat
  3496 | D:7      | Found a bloodstained altar of Trog.
  3561 | D:7      | Found a hide-covered altar of Uskayaw.
  3594 | D:7      | Reached skill level 5 in Invocations
  3608 | D:7      | Reached ** piety under Okawaru
  3695 | D:7      | Reached skill level 11 in Unarmed Combat
  3859 | D:7      | Found a staircase to the Ecumenical Temple.
  3989 | D:8      | Found a staircase to the Lair.
  4031 | Lair:1   | Entered Level 1 of the Lair of Beasts
  4049 | Lair:1   | Reached *** piety under Okawaru
  4050 | Lair:1   | Reached XP level 10. HP: 53/73 MP: 14/14
  4057 | Lair:1   | Reached skill level 12 in Unarmed Combat
  4107 | Lair:1   | Found a runed translucent gate.
  4111 | Lair:1   | Found a runed translucent gate.
  4111 | Lair:1   | Found a runed translucent gate.
  4112 | Lair:1   | Noticed Juuloule's ghost (journeyman SpHu)
  4112 | Lair:1   | Noticed Oraob's ghost (novice FeSh)
  4112 | Lair:1   | Noticed Woashoo's ghost (journeyman DrFE)
  4125 | Lair:1   | Noticed a cane toad
  4137 | Lair:1   | Killed a cane toad
  4138 | Lair:1   | Reached skill level 13 in Unarmed Combat
  4181 | Lair:1   | Reached **** piety under Okawaru
  4182 | Lair:1   | Reached skill level 14 in Unarmed Combat
  4226 | Lair:1   | Noticed a komodo dragon
  4295 | Lair:1   | Reached skill level 5 in Dodging
  4295 | Lair:1   | Reached XP level 11. HP: 35/85 MP: 12/15
  4380 | Lair:1   | Reached skill level 15 in Unarmed Combat
  4385 | Lair:1   | Reached skill level 5 in Fighting
  4387 | Lair:1   | HP: 4/86 [yak (12)]
  4484 | Lair:2   | Reached skill level 16 in Unarmed Combat
  4538 | Lair:2   | Found a gate leading to a gauntlet.
  4547 | Gauntlet | Entered a Gauntlet
  4547 | Gauntlet | Noticed an oklob plant
  4547 | Gauntlet | Found a transporter.
  4547 | Gauntlet | Found a transporter.
  4547 | Gauntlet | Found a transporter.
  4551 | Gauntlet | Found a transporter.
  4551 | Gauntlet | Found a transporter.
  4551 | Gauntlet | Found a transporter.
  4565 | Gauntlet | Noticed a sixfirhy
  4567 | Gauntlet | Found a transporter.
  4571 | Gauntlet | Found a transporter.
  4578 | Gauntlet | Noticed a death yak
  4579 | Gauntlet | Noticed a necromancer
  4583 | Gauntlet | Found a transporter.
  4583 | Gauntlet | Noticed an apocalypse crab
  4590 | Gauntlet | Noticed a death yak
  4590 | Gauntlet | Noticed a death yak
  4590 | Gauntlet | Noticed a death yak
  4595 | Gauntlet | Noticed a death yak
  4599 | Gauntlet | Found a transporter.
  4616 | Gauntlet | Found a transporter.
  4620 | Gauntlet | Found a transporter.
  4677 | Gauntlet | Killed an oklob plant
  4678 | Gauntlet | Reached skill level 10 in Shapeshifting
  4704 | Gauntlet | Slain by a centaur warrior simulacrum

Illustrated notes

Levels and vault maps discovered:
D:1:      spicycebolla_green_bress_n_ham_2, layout_basic
D:2:      layout_loops_ring
D:3:      layout_loops_corners, mainiacjoe_overflow_alcove_1,
          minmay_misc_feat_room, uniq_jessica, uniq_ijyb
D:4:      layout_loops_ring
D:5:      layout_basic, minitemple, uniq_blork_the_orc
D:6:      layout_gridville, enter_ossuary_5, st_stairs_5,
          hangedman_decor_lopped, nicolae_hexahallways, hangedman_glass_teeth,
          grunt_tough_drop
D:7:      layout_cave_pools, mainiacjoe_overflow_alcove_4,
          nicolae_overflow_macrodata_refinement, nemelex_diamond_rough_becter,
          temple_green
D:8:      layout_loops_cross, lair_entry_dummy, serial_shops,
          nicolae_shop_rolling_square, special_room [special_room_kobold],
          uniq_joseph
Lair:1:   layout_cave_pods, gammafunk_ghost_cemetery,
          grunt_forest_small_clearing_treed, uniq_fannar
Lair:2:   layout_cave_pods, guppyfry_snake_entry_island, gauntlet_entry_generic,
          roderic_batcave, disabler_island
Gauntlet: gammafunk_gauntlet_hard_choice
          [gammafunk_gauntlet_arena_split_diamond,
          gammafunk_gauntlet_arena_open, nicolae_gauntlet_arena_blocks,
          gammafunk_gauntlet_arena_hedges, nicolae_gauntlet_swirl,
          gammafunk_gauntlet_arena_mazey,
          nicolae_gauntlet_exit_dead_adventurers]

Skill      XL: |  1  2  3  4  5  6  7  8  9 10 11 |
---------------+----------------------------------+-----
Unarmed Combat | 4 5 6 7 8 9 11 14 16 | 16.8
Shapeshifting  | 4 5 6 8 9 10 | 10.0
Invocations    | 1 3 5 |  5.0
Fighting       | 2 4 6 |  6.1
Dodging        | 5 6 |  6.4

Action                     |  1- 3 |  4- 6 |  7- 9 | 10-12 || total
---------------------------+-------+-------+-------+-------++-------
  Melee: Unarmed           |    64 |   110 |   316 |   183 ||   673
         Punch             |     1 |     6 |       |       ||     7
 Invoke: Heroism           |       |       |       |     9 ||     9
  Evoke: Wand              |       |       |    10 |       ||    10
    Use: Scroll            |       |       |    17 |       ||    17
         Potion            |       |       |     1 |     1 ||     2
 Armour: Animal skin       |    13 |       |       |       ||    13
         Ring mail         |    11 |    61 |   190 |   106 ||   368
         Skin              |       |       |    16 |       ||    16
  Dodge: Dodged            |    32 |    54 |   154 |   115 ||   355
   Form: Flux              |       |     1 |       |       ||     1

Table legend: (Time is in decaauts)
 A = Elapsed time spent in this place.
 B = Non-inter-level travel time spent in this place.
 C = Inter-level travel time spent in this place.
 D = Time resting spent in this place.
 E = Time spent auto-exploring this place.
 F = Levels seen in this place.
 G = Mean time per level.
                   A        B        C        D        E       F      G
               +--------+--------+--------+--------+--------+-----+--------+
         Total |   4580 |   4395 |    185 |    116 |   2624 |  12 |  381.7 |
       Dungeon |   3618 |   3433 |    185 |     16 |   2471 |   8 |  452.2 |
          Lair |    465 |    465 |      0 |      0 |     77 |   2 |  232.5 |
       Ossuary |    343 |    343 |      0 |    100 |     76 |   1 |  343.0 |
      Gauntlet |    153 |    153 |      0 |      0 |      0 |   1 |  153.0 |
               +--------+--------+--------+--------+--------+-----+--------+

Top non-repeatable levels by time:
     D:3: 732 daAuts
     D:6: 507 daAuts
     D:2: 506 daAuts
     D:4: 474 daAuts
     D:5: 462 daAuts
     D:1: 407 daAuts
     D:7: 402 daAuts
  Lair:1: 373 daAuts
 Ossuary: 343 daAuts
Gauntlet: 153 daAuts
     D:8: 126 daAuts
  Lair:2: 92 daAuts
